AoeStats
← AmbassadorKaifa

Arena

509345858Analyzed
4v4 RM · 6d ago on Sep 26, 2026· 78m 26s· 8 players
Game mode
Random Map
Map size
Large (8 player)
Population
200
Speed
Normal
Resources
Standard
Victory
Conquest
Starting age
Dark Age
Ending age
Imperial Age
RankedLock teamsTeams togetherTeam positionsShared explorationLock speedFull tech treeHidden civsTurbo modeCheats
Victory
Defeat
🇻🇺 Khmer · Vanuatu
1048
+16
🇺🇸 Huns · United States
1029
+17
🇲🇽 Spanish · Mexico
1028
+43
🇷🇺 Saxons · Russia
1021
+17
🇬🇧 Persians · United Kingdom
1095
-19
🇮🇪 Saxons · Ireland
1078
-18
🇨🇳 Britons · China
1009
-15
🇩🇪 Hindustanis · Germany
1007
-15
suso9871
10:36 Feudal Age
12:15 Horse Collar
16:16 Castle Age
14:24 Double-Bit Axe
15:03 Stone Mining
15:39 Town Watch
15:58 Gold Mining
17:31 Bow Saw
20:41 Wheelbarrow
21:06 Fletching
23:45 Pikeman
29:40 Imperial Age
28:28 Gold Shaft Mining
28:28 Stone Shaft Mining
28:45 Heavy Plow
30:54 Conscription
32:04 Hand Cart
33:01 Halberdier
34:40 Crop Rotation
35:32 Town Patrol
35:27 Elite Ballista Elephant
39:28 Double Crossbow
40:40 Light Cavalry
41:31 Bloodlines
43:52 Padded Archer Armor
43:47 Bodkin Arrow
43:57 Scale Barding Armor
44:56 Arson
45:14 Scale Mail Armor
45:15 Bracer
45:17 Tusk Swords
46:38 Chemistry
45:34 Murder Holes
45:44 Siege Engineers
45:50 Fortified Wall
47:09 Ballistics
47:06 Chain Mail Armor
47:18 Chain Barding Armor
53:46 Masonry
54:53 Plate Barding Armor
54:34 Leather Archer Armor
55:13 Sanctity
54:54 Devotion
55:20 Illumination
60:54 Heavy Scorpion
65:52 Caravan
66:31 Hussar
69:28 Elite Battle Elephant
SwedenBirdieSkaggs236
12:21 Feudal Age
10:37 Loom
13:53 Loom
14:20 Double-Bit Axe
14:16 Horse Collar
16:56 Castle Age
20:11 Bow Saw
20:02 Heavy Plow
19:59 Stone Mining
25:55 Wheelbarrow
28:00 Hand Cart
27:41 Gold Mining
29:20 Forging
29:16 Scale Barding Armor
29:54 Gold Shaft Mining
29:52 Marauders
30:46 Husbandry
30:56 Bloodlines
33:43 Imperial Age
32:10 Iron Casting
31:55 Chain Barding Armor
35:27 Blast Furnace
35:03 Plate Barding Armor
33:51 Elite Tarkan
34:54 Conscription
35:08 Light Cavalry
38:34 Hussar
54:11 Fletching
54:22 Padded Archer Armor
54:49 Thumb Ring
55:12 Parthian Tactics
54:08 Heavy Cavalry Archer
56:11 Ballistics
56:53 Chemistry
55:48 Murder Holes
60:53 Bodkin Arrow
61:13 Leather Archer Armor
61:07 Caravan
62:39 Bracer
63:28 Atheism
AmbassadorKaifa
11:05 Feudal Age
13:12 Double-Bit Axe
13:34 Horse Collar
15:56 Castle Age
15:18 Gold Mining
15:25 Fletching
17:34 Wheelbarrow
19:11 Loom
21:09 Stone Mining
26:56 Gold Shaft Mining
27:35 Bow Saw
27:28 Heavy Plow
31:16 Imperial Age
28:34 Town Watch
29:17 Bodkin Arrow
29:23 Padded Archer Armor
29:44 Hand Cart
30:00 Thumb Ring
31:17 Husbandry
31:28 Bloodlines
30:41 Elite Skirmisher
31:38 Leather Archer Armor
31:34 Forging
31:25 Scale Mail Armor
32:01 Bracer
31:24 Cranequins
33:00 Ballistics
33:41 Chemistry
32:45 Squires
33:27 Iron Casting
33:23 Ring Archer Armor
33:11 Elite Hearth Troop
33:13 Shield Wall
34:14 Heavy Mounted Crossbowman
36:41 Chain Mail Armor
37:02 Conscription
37:19 Hoardings
37:53 Plate Mail Armor
37:14 Arson
37:15 Gambesons
38:38 Siege Engineers
38:28 Murder Holes
38:44 Masonry
38:08 Elite Varangian Guard
45:46 Caravan
45:23 Clerical Recruitment
46:50 Man-at-Arms
46:52 Pikeman
47:28 Long Swordsman
47:30 Halberdier
48:54 Architecture
48:35 Fortified Wall
48:05 Two-Handed Swordsman
48:51 Champion
51:09 Two-Man Saw
50:42 Crop Rotation
53:59 Guilds
54:19 Coinage
69:40 Spies/Treason
78:01 Banking
77:40 Scale Barding Armor
77:37 Town Patrol
77:00 Crossbowman
77:22 Treadmill Crane
77:33 Guard Tower
77:28 Arrowslits
78:04 Shipwright
77:50 Siphons
77:35 Heated Shot
77:57 Careening
eleaza2008
8:06 Loom
12:18 Feudal Age
13:42 Double-Bit Axe
14:08 Horse Collar
22:22 Castle Age
22:03 Stone Mining
22:11 Gold Mining
22:44 Pikeman
24:55 Stone Shaft Mining
25:29 Heavy Plow
27:57 Wheelbarrow
31:23 Bloodlines
31:13 Husbandry
31:52 Squires
33:42 Hand Cart
42:24 Imperial Age
43:44 Cavalier
46:18 Town Watch
48:32 Bow Saw
50:28 Town Patrol
51:04 Caravan
51:35 Coinage
54:02 Halberdier
59:05 Coinage
59:12 Elite Conquistador
60:22 Conscription
64:50 Inquisition
72:31 Banking
72:10 Caravan
iBenj
9:45 Feudal Age
10:10 Double-Bit Axe
15:23 Castle Age
17:37 Loom
23:29 Horse Collar
28:01 Imperial Age
27:33 Scale Barding Armor
27:39 Forging
28:48 Bloodlines
33:22 Husbandry
32:46 Light Cavalry
35:28 Wheelbarrow
37:13 Hand Cart
37:02 Heavy Plow
36:43 Hussar
42:19 Pikeman
43:00 Squires
45:13 Heavy Camel Rider
46:44 Iron Casting
46:30 Chain Barding Armor
46:29 Scale Mail Armor
45:54 Halberdier
55:13 Onager
63:06 Plate Barding Armor
63:30 Elite War Elephant
67:33 Blast Furnace
Apollo
11:22 Feudal Age
12:34 Double-Bit Axe
12:47 Loom
15:12 Castle Age
13:17 Loom
13:48 Horse Collar
16:39 Heavy Plow
17:48 Bow Saw
24:14 Wheelbarrow
24:35 Gold Mining
28:59 Imperial Age
26:55 Hand Cart
27:56 Stone Mining
28:45 Forging
28:41 Scale Barding Armor
28:38 Padded Archer Armor
29:51 Gold Shaft Mining
29:49 Bloodlines
29:40 Husbandry
29:01 Heavy Camel Rider
30:29 Iron Casting
30:14 Chain Barding Armor
29:45 Fletching
31:29 Two-Man Saw
31:32 Chemistry
32:25 Blast Furnace
32:01 Plate Barding Armor
32:04 Imperial Camel Rider
33:39 Town Watch
34:00 Scale Mail Armor
33:56 Bodkin Arrow
34:17 Leather Archer Armor
34:25 Ballistics
34:02 Murder Holes
34:36 Thumb Ring
36:48 Fortified Wall
36:51 Masonry
40:20 Stone Shaft Mining
45:23 Conscription
45:08 Grand Trunk Road
46:12 Siege Engineers
46:27 Chain Mail Armor
46:15 Bracer
48:45 Shatagni
51:01 Fervor
51:12 Sanctity
52:01 Light Cavalry
53:48 Hussar
56:54 Elite Skirmisher
58:34 Block Printing
60:00 Theocracy
60:00 Illumination
Alpha Robeeert
11:50 Feudal Age
12:29 Double-Bit Axe
12:26 Horse Collar
13:15 Stone Mining
19:45 Castle Age
18:05 Arson
19:05 Loom
19:57 Wheelbarrow
19:57 Gold Mining
22:04 Bow Saw
23:05 Hand Cart
23:32 Fortified Wall
24:18 Gold Shaft Mining
25:00 Town Watch
25:02 Loom
30:30 Imperial Age
28:06 Scale Mail Armor
28:51 Town Patrol
30:19 Chain Mail Armor
30:10 Squires
30:03 Arson
31:09 Capped Ram
31:57 Elite Varangian Guard
32:55 Murder Holes
34:13 Hoardings
36:49 Plate Mail Armor
36:31 Siege Ram
38:07 Elite Hearth Troop
39:35 Pikeman
48:02 Onager
一念风云
0:33 Loom
10:52 Feudal Age
16:11 Castle Age
14:11 Double-Bit Axe
14:26 Horse Collar
16:09 Forging
15:57 Gold Mining
18:21 Wheelbarrow
17:57 Gambesons
17:33 Man-at-Arms
19:05 Scale Mail Armor
18:52 Man-at-Arms
20:14 Town Watch
20:57 Squires
20:43 Arson
26:59 Bow Saw
29:55 Crossbowman
33:51 Imperial Age
31:15 Fletching
31:25 Padded Archer Armor
31:10 Treadmill Crane
32:12 Murder Holes
32:28 Masonry
32:48 Padded Archer Armor
32:19 Elite Skirmisher
32:51 Pikeman
33:16 Arson
34:12 Gold Shaft Mining
34:33 Heavy Plow
34:31 Bodkin Arrow
34:52 Leather Archer Armor
35:22 Bracer
36:19 Ballistics
36:31 Architecture
35:47 Arrowslits
37:22 Chain Mail Armor
37:42 Iron Casting
37:48 Fortified Wall
38:30 Hand Cart
39:18 Two-Man Saw
38:51 Ring Archer Armor
38:01 Arbalester
38:24 Halberdier
41:40 Guard Tower
43:32 Hoardings
43:33 Plate Mail Armor
43:39 Iron Casting
44:05 Capped Ram
46:30 Blast Furnace
45:52 Yeomen
54:55 Conscription
Connection lost

Rejoining the realm…

Still unreachable

The connection could not be restored.

Session expired

The server has moved on; the page needs a fresh start.